 Dungeon Sprint DCSS version 0.17-a0-1769-g54adf96 (console) character file.

268 utis the Destroyer (level 6, -12/32 HPs)
             Began as a Tengu Fire Elementalist on Sept 7, 2015.
             Mangled by a slime creature (18 damage)
             ... in the Dungeon (Sprint I: "Red Sonja").
             The game lasted 00:02:12 (412 turns).

utis the Destroyer (Tengu Fire Elementalist)         Turns: 412, Time: 00:02:12

Health: -12/32     AC:  3    Str:  8    XL:     6   Next: 21%
Magic:  0/14       EV: 18    Int: 18    God:
Gold:   0          SH:  0    Dex: 14    Spells: 4 memorised, 1 level left

rFire  . . .     SeeInvis .     (no weapon)
rCold  . . .     Clarity  .     j - +0 leather armour
rNeg   . . .     SustAt   .     (no shield)
rPois  .         Gourm    .     (helmet restricted)
rElec  .         Spirit   .     (no cloak)
rCorr  .         Warding  .     (no gloves)
rMut   .         NoTele   +     (boots unavailable)
MR     .....                    (no amulet)
Stlth  ++........               (no ring)
                                (no ring)

@: flying quickly and evasively, very slightly contaminated, quick, not
resistant to hostile enchantments, unstealthy
A: beak, talons 3, able to fly 1
a: no special abilities


You were in the Dungeon.
You were not hungry.

You visited 1 branch

Inventory:

Armour
 a - a +0 robe
 j - a +0 leather armour (worn)
Scrolls
 i - a scroll of blinking {!r}
Potions
 d - a potion of curing
 e - a potion of heal wounds
 f - a potion of haste
 g - 2 potions of magic
 h - a potion of agility {unknown}
Books
 b - a book of Flames

   Spells                             Type                      Level
   a - Flame Tongue                   Conjuration/Fire             1
   b - Throw Flame                    Conjuration/Fire             2
   c - Conjure Flame                  Conjuration/Fire             3
   d - Inner Flame                    Hexes/Fire                   3
   e - Sticky Flame                   Conjuration/Fire             4
   f - Fireball                       Conjuration/Fire             5
Comestibles
 c - a bread ration


   Skills:
 + Level 0.0 Fighting
 * Level 7.6 Dodging
 - Level 2.0 Stealth
 - Level 4.6 Spellcasting
 * Level 8.7 Conjurations
 * Level 8.0 Fire Magic


You had one spell level left.
You knew the following spells:

 Your Spells              Type           Power        Failure   Level  Hunger
a - Flame Tongue          Conj/Fire      ####.        1%          1    None
b - Sticky Flame          Conj/Fire      ####....     8%          4    ####...
d - Conjure Flame         Conj/Fire      ####....     1%          3    ###....
e - Fireball              Conj/Fire      ####......   17%         5    ######.


Dungeon Overview and Level Annotations

Branches:
Dungeon (1/1)

Altars:
Cheibriados
Dithmenos


Innate Abilities, Weirdness & Mutations

You have a beak for a mouth.
You have claws for feet.
You can fly.


Message History

The slime creature burns!
The slime creature burns!
The slime creature burns!
The slime creature stops burning.
There is a fountain of clear blue water here.
Casting: Sticky Flame
Confirm with . or Enter, or press ? or * to list all spells.
Aiming: Flame Tongue
Press: ? - help, Shift-Dir - straight line, f/p - slime creature
Aim: a slime creature (heavily wounded)
The flame tongue hits the slime creature.
The slime creature is severely wounded.
* * * LOW MAGIC WARNING * * *
Casting: Flame Tongue
Confirm with . or Enter, or press ? or * to list all spells.
You don't have enough magic to cast that spell.
The slime creature hits you!
* * * LOW HITPOINT WARNING * * *
The slime creature hits you!!
Ouch! That really hurt!
You die...

▓▓▓▓▓▓▓▓▓▓▓▓▓▓▓▓
▓<.▓..)).▓..'€€▓
▓..'..▓..'..▓€€'..+
▓..▓▓▓▓▓+▓▓▓▓▓+▓__▓
▓..▓ ▓▓▓ ▓..▓ ▓.J▓
▓⌠Q▓ ▓▓▓▓


You could see a slime creature.

Vanquished Creatures
  Sigmund (D)
  An ogre (D)
  Ijyb (D)
3 creatures vanquished.

Notes
Turn   | Place    | Note
--------------------------------------------------------------
     0 | D        | utis the Tengu Fire Elementalist began the quest for the Orb.
     0 | D        | Reached XP level 1. HP: 10/10 MP: 4/4
     2 | D        | Noticed Ijyb
     8 | D        | Killed Ijyb
     8 | D        | Reached skill level 4 in Dodging
     8 | D        | Reached XP level 2. HP: 15/15 MP: 2/6
     8 | D        | Reached XP level 3. HP: 19/19 MP: 2/8
   165 | D        | Noticed an ogre
   170 | D        | Killed an ogre
   170 | D        | Reached skill level 5 in Dodging
   170 | D        | Reached skill level 6 in Conjurations
   170 | D        | Reached XP level 4. HP: 24/24 MP: 3/10
   228 | D        | Learned a level 3 spell: Conjure Flame
   233 | D        | Learned a level 4 spell: Sticky Flame
   240 | D        | Noticed Sigmund
   246 | D        | Killed Sigmund
   246 | D        | Reached skill level 7 in Dodging
   246 | D        | Reached skill level 8 in Conjurations
   246 | D        | Gained mutation: You can fly. [Tengu growth]
   246 | D        | Reached XP level 5. HP: 18/28 MP: 5/13
   246 | D        | Reached XP level 6. HP: 20/32 MP: 5/14
   370 | D        | Learned a level 5 spell: Fireball
   386 | D        | Found a snail-covered altar of Cheibriados.
   386 | D        | Found a shadowy altar of Dithmenos.
   386 | D        | Noticed a slime creature
   412 | D        | Mangled by a slime creature

Vault maps used:
D:        dungeon_sprint_1

Action                   |  1- 3 |  4- 6 || total
-------------------------+-------+-------++-------
Melee: Unarmed           |     3 |       ||     3
 Cast: Flame Tongue      |     5 |     4 ||     9
       Sticky Flame      |       |     3 ||     3
 Abil: Fly               |       |     1 ||     1
  Use: Potion            |     1 |       ||     1
